 Dungeon Crawl Stone Soup version 0.20-a0-303-g575bbf7 (webtiles) character file.

86 nubinia the Sneak (level 4, -3/27 HPs)
             Began as an Octopode Wizard on Dec 17, 2016.
             Slain by a gnoll
             ... wielding a +0 club
              (8 damage)
             ... on level 2 of the Dungeon.
             The game lasted 00:09:08 (2511 turns).

nubinia the Sneak (Octopode Wizard)                 Turns: 2511, Time: 00:09:09

Health: -3/27      AC:  1    Str:  6    XL:     4   Next: 50%
Magic:  1/9        EV: 13    Int: 21    God:
Gold:   154        SH:  0    Dex: 10    Spells: 0/9 levels left

rFire  . . .     SeeInvis .     h - +0 dagger
rCold  . . .     Gourm    .     (no shield)
rNeg   . . .     Faith    .     a - +0 hat
rPois  .         Spirit   .     g - amulet of rage
rElec  .         Reflect  .     (no ring)
rCorr  .         Harm     .     (no ring)
MR     .....                    (no ring)
Stlth  +++.......               (no ring)
                                (no ring)
                                (no ring)
                                (no ring)
                                (no ring)

@: repel missiles
A: almost no armour, stealthy swim, amphibious, 8 rings, constrict 8, camouflage
1, gelatinous body 1
a: Evoke Berserk Rage


You were on level 2 of the Dungeon.
You were not hungry.

You visited 1 branch of the dungeon, and saw 2 of its levels.

You collected 154 gold pieces.

Inventory:

Hand Weapons
 h - a +0 dagger (weapon)
Armour
 a - a +0 hat (worn)
Jewellery
 g - an amulet of rage (around mantle)
Scrolls
 d - a scroll of remove curse {unknown}
 e - 3 scrolls of identify {unknown}
 f - a scroll of immolation {unknown}
 l - a scroll of amnesia
Potions
 i - a potion of lignification {unknown}
 j - a potion of flight {unknown}
Books
 b - a book of Minor Magic

   Spells                             Type                      Level
   a - Magic Dart                     Conjuration                  1
   b - Blink                          Translocation                2
   c - Call Imp                       Summoning                    2
   d - Repel Missiles                 Charms/Air                   2
   e - Slow                           Hexes                        2
   f - Conjure Flame                  Conjuration/Fire             3
   g - Mephitic Cloud                 Conjuration/Poison/Air       3
Comestibles
 c - a bread ration
 k - 2 meat rations
 m - a chunk of flesh


   Skills:
 - Level 2.2 Dodging
 - Level 3.4 Stealth
 - Level 3.3 Spellcasting
 - Level 1.3 Conjurations
   Level 1.0 Summonings
   Level 1.0 Translocations
 + Level 3.4 Poison Magic


You couldn't memorise any spells.
You knew the following spells:

 Your Spells              Type           Power        Failure   Level  Hunger
a - Magic Dart            Conj           #...         10%         1    None
b - Conjure Flame         Conj/Fire      #.......     30%         3    ###....
c - Mephitic Cloud        Conj/Pois/Air  ##......     24%         3    ###....
r - Repel Missiles        Chrm/Air       #.....       21%         2    ##.....


Dungeon Overview and Level Annotations

Branches:
Dungeon (2/15)

Altars:
Elyvilon


Innate Abilities, Weirdness & Mutations

You cannot wear most types of armour.
You are very stealthy in the water. (Stealth+)
You are amphibious.
You can wear up to eight rings at the same time.
You can use your tentacles to constrict eight enemies at once.
Your skin changes colour to match your surroundings (Stealth+).
Your rubbery body absorbs attacks. (AC +1, EV +1)


Message History

Press: ? - help, Shift-Dir - straight line, f/p - gnoll
Aim: a gnoll, wielding a club (severely wounded, constricted by you)
The magic dart hits the gnoll.
The gnoll is almost dead.
You constrict the gnoll. The gnoll hits you with a club.
* * * LOW HITPOINT WARNING * * *
You release your grip on the gnoll.
Your magical contamination has completely faded away.
Unknown command.
Unknown command.
Unknown command.
Casting: Magic Dart
Confirm with . or Enter, or press ? or * to list all spells.
Aiming: Magic Dart
Press: ? - help, Shift-Dir - straight line, f/p - gnoll
Aim: a gnoll, wielding a club (almost dead)
The magic dart hits the gnoll.
The gnoll is almost dead.
The gnoll hits you with a club!
You die...

.<.....#.....####.#.>...#.##.....
.......#.##### #.#.....+........
....#.......#####.#.....#.##.....
....+....##......................
....##.#.########.##.#...........
.........# #g##.#..#.##.##..
..####.### #.##.#..#.##.##.. ...#
#.##########g##.#..#.##.##..
...###..........@..#.#..#.##.##..
...#....######.##.##.#..#.##.##.#
...#....# #.##............##.#
#..#....######.#######..#........
#..+....'............#..#.#.....#
#.##....######.###........#.....#
..##....# #.# #.#.#...........
######### #.. #.#.#.........##
###.#.#.........###


You could see 2 gnolls.

Vanquished Creatures
  A gnoll (D:1)
  3 adders (D:2)
  A dart slug (D:1)
  A leopard gecko (D:1)
  9 bats
  3 giant cockroaches
  6 goblins
  6 hobgoblins
  7 kobolds (D:1)
  2 quokkas (D:2)
  4 frilled lizards
  5 rats
48 creatures vanquished.

Notes
Turn   | Place    | Note
-------+----------+-------------------------------------------
     0 | D:1      | nubinia the Octopode Wizard began the quest for the Orb.
     0 | D:1      | Reached XP level 1. HP: 11/11 MP: 4/4
   186 | D:1      | Reached XP level 2. HP: 17/17 MP: 1/6
   232 | D:1      | Learned a level 2 spell: Repel Missiles
   855 | D:1      | Reached XP level 3. HP: 21/21 MP: 5/7
   860 | D:1      | Learned a level 3 spell: Mephitic Cloud
  1264 | D:1      | Reached skill level 1 in Poison Magic
  1480 | D:2      | Found a white marble altar of Elyvilon.
  1921 | D:2      | Reached XP level 4. HP: 27/27 MP: 3/9
  1977 | D:2      | Learned a level 3 spell: Conjure Flame
  2511 | D:2      | Slain by a gnoll

Vault maps used:
D:1:      elethiomel_arrival_quiet
D:2:      nicolae_ru_the_path_less_chosen, old_standard_altar

Skill      XL: |  1  2  3  4 |
---------------+-------------+-----
Stealth        | 3 |  3.4
Poison Magic   | 2 3 |  3.4
Dodging        | |  2.2
Spellcasting   | |  3.3
Conjurations   | |  1.3
Summonings     | |  1.0
Translocations | |  1.0

Action                   |  1- 3 |  4- 6 || total
-------------------------+-------+-------++-------
Melee: Unarmed           |    30 |       ||    30
       Constrict         |    11 |     2 ||    13
       Tentacles         |     6 |       ||     6
       Dagger            |    21 |     6 ||    27
 Cast: Magic Dart        |    76 |    27 ||   103
       Repel Missiles    |     1 |       ||     1
       Mephitic Cloud    |       |     2 ||     2
  Use: Scroll            |     1 |       ||     1
 Stab: Sleeping          |     3 |       ||     3
  Eat: Chunk             |     3 |     2 ||     5
Armor: Skin              |     2 |       ||     2
Dodge: Dodged            |    28 |     6 ||    34
       Deflected         |     1 |       ||     1
